 Dungeon Crawl Stone Soup version 0.19.0-16-g73b5abf (webtiles) character file.

296 Chiseanne the Shield-Bearer (level 6, 0/41 HPs)
             Began as a Demonspawn Wizard on Nov 10, 2016.
             Was an Initiate of Vehumet.
             Killed from afar by an orc wizard (4 damage)
             ... with a magic dart
             ... on level 4 of the Dungeon.
             The game lasted 00:11:04 (5923 turns).

Chiseanne the Shield-Bearer (Demonspawn Wizard)     Turns: 5923, Time: 00:11:05

Health: 0/41       AC:  4    Str:  8    XL:     6   Next: 12%
Magic:  0/11       EV: 12    Int: 21    God:    Vehumet [......]
Gold:   179        SH:  6    Dex: 11    Spells: 4 memorised, 3 levels left

rFire  . . .     SeeInvis .     a - +1 whip (venom)
rCold  . . .     Gourm    .     i - +0 robe
rNeg   . . .     Faith    .     k - +2 buckler {reflect}
rPois  .         Spirit   +     p - +0 helmet
rElec  .         Reflect  +     (no cloak)
rCorr  .         Harm     .     (no gloves)
MR     .....                    (no boots)
Stlth  ++........               (no amulet)
                                (no ring)
                                e - +1 ring of protection

@: no status effects
A: claws 2, magic shield
a: Renounce Religion


You were on level 4 of the Dungeon.
You worshipped Vehumet.
Vehumet was noncommittal.
You were hungry.

You visited 1 branch of the dungeon, and saw 4 of its levels.

You collected 179 gold pieces.

Inventory:

Hand Weapons
 a - a +1 whip of venom (weapon)
 s - a +1 short sword of freezing
Missiles
 c - 7 javelins
 g - 108 stones (quivered)
 r - 13 arrows
Armour
 i - a +0 robe (worn)
 k - a +2 buckler of reflection (worn)
 n - a +0 leather armour of magic resistance
 p - a +0 helmet (worn)
Jewellery
 e - a +1 ring of protection (left claw)
Scrolls
 b - 3 scrolls of amnesia {unknown}
 h - a scroll of remove curse
 u - a scroll of identify
Potions
 f - 3 potions of curing
 j - a potion of agility
 l - a potion of degeneration {unknown}
 m - 2 potions of lignification {unknown}
 o - a potion of ambrosia
Books
 v - a book of Conjurations

   Spells                             Type                      Level
   a - Magic Dart                     Conjuration                  1
   b - Searing Ray                    Conjuration                  2
   c - Dazzling Spray                 Conjuration/Hexes            3
   d - Fulminant Prism                Conjuration/Hexes            4
   e - Iskenderun's Mystic Blast      Conjuration                  4
   f - Iskenderun's Battlesphere      Conjuration/Charms           5
Comestibles
 d - 5 bread rations
 t - a meat ration


   Skills:
 - Level 1.7 Dodging
 - Level 1.7 Stealth
 - Level 4.2 Shields
 * Level 3.7 Spellcasting
 * Level 3.0 Conjurations
   Level 1.0 Summonings
 - Level 0.8 Translocations


You had 3 spell levels left.
You knew the following spells:

 Your Spells              Type           Power        Failure   Level  Hunger
a - Magic Dart            Conj           ###.         4%          1    None
b - Mephitic Cloud        Conj/Pois/Air  #.......     30%         3    ###....
c - Conjure Flame         Conj/Fire      ##......     24%         3    ###....
d - Blink                 Tloc           N/A          14%         2    ##.....


Dungeon Overview and Level Annotations

Branches:
Dungeon (4/15)
 Temple: D:4-7

Altars:
Elyvilon
Okawaru
Vehumet
The Shining One

Annotations:
D:3 jazmu's ghost, amateur GrAK


Innate Abilities, Weirdness & Mutations

You have very sharp fingernails.
When hurt, damage is shared between your health and your magic reserves.


Message History

The magic dart hits something.
Something hits you.
Casting: Magic Dart
Confirm with . or Enter, or press ? or * to list all spells.
You don't have enough magic to cast that spell.
Casting: Magic Dart
Confirm with . or Enter, or press ? or * to list all spells.
You don't have enough magic to cast that spell.
Casting: Magic Dart
Confirm with . or Enter, or press ? or * to list all spells.
You don't have enough magic to cast that spell.
A magic dart appears from out of thin air!
The magic dart hits you!
* * * LOW HITPOINT WARNING * * *
You are feeling hungry.
A magic dart appears from out of thin air!
The magic dart hits you!
* * * LOW HITPOINT WARNING * * *
A magic dart appears from out of thin air!
The magic dart hits you!
You die...

# ### # ..# #### #
.. ..## # #.# ....
## .. .##.#########
#.
#.#.##.........###.
#...###..#####..##.
#.@^###..# ##.##.
##.......# #.##.
#..###.## #.##.
+..#...# #.##.
#..#.### #.##.
##....# #.##.
#.o.### #.##. #.###
###.##. #† ##......


You could see an orc priest.

Vanquished Creatures
  A hound (D:4)
  An orc priest (D:4)
  A bullfrog skeleton (D:4)
  A worker ant (D:4)
  3 gnolls
  6 adders
  5 worms
  A dart slug (D:2)
  A leopard gecko (D:4)
  2 orcs (D:4)
  A ball python (D:2)
  7 giant cockroaches
  5 goblins
  7 hobgoblins
  6 jackals (D:2)
  A quokka (D:2)
  12 bats
  6 frilled lizards
  10 kobolds
  2 quokka skeletons (D:4)
  4 rats
83 creatures vanquished.

Vanquished Creatures (others)
  A gnoll (D:2)
1 creature vanquished.

Grand Total: 84 creatures vanquished

Notes
Turn   | Place    | Note
-------+----------+-------------------------------------------
     0 | D:1      | Chiseanne the Demonspawn Wizard began the quest for the Orb.
     0 | D:1      | Reached XP level 1. HP: 13/13 MP: 4/4
   470 | D:1      | Gained mutation: When hurt, damage is shared between your health and your magic reserves. [demonic ancestry]
   470 | D:1      | Reached XP level 2. HP: 14/19 MP: 0/6
  1437 | D:1      | You fall through a shaft!
  1837 | D:2      | Gained mutation: You have sharp fingernails. [demonic ancestry]
  1837 | D:2      | Reached XP level 3. HP: 24/24 MP: 2/7
  2138 | D:2      | Learned a level 3 spell: Mephitic Cloud
  2142 | D:2      | Learned a level 3 spell: Conjure Flame
  2492 | D:2      | Noticed an ogre
  2499 | D:2      | Reached skill level 1 in Shields
  3121 | D:2      | Reached skill level 2 in Shields
  3121 | D:2      | Reached XP level 4. HP: 5/30 MP: 0/9
  3985 | D:2      | Found a white marble altar of Elyvilon.
  3985 | D:2      | Found an iron altar of Okawaru.
  4083 | D:2      | Learned a level 2 spell: Blink
  4085 | D:2      | Reached skill level 3 in Shields
  4246 | D:2      | Gained mutation: You have very sharp fingernails. [demonic ancestry]
  4246 | D:2      | Reached XP level 5. HP: 20/35 MP: 6/10
  4762 | D:3      | Found a glowing golden altar of the Shining One.
  4830 | D:3      | Found a radiant altar of Vehumet.
  4843 | D:3      | Became a worshipper of Vehumet
  5141 | D:3      | Noticed jazmu's ghost (amateur GrAK)
  5366 | D:4      | Reached skill level 4 in Shields
  5763 | D:4      | Reached XP level 6. HP: 41/41 MP: 7/11
  5923 | D:4      | Killed from afar by an orc wizard

Skill      XL: |  1  2  3  4  5  6 |
---------------+-------------------+-----
Conjurations   | 2 3 |  3.0
Shields        | 2 3 4 |  4.2
Dodging        | |  1.7
Stealth        | |  1.7
Spellcasting   | |  3.7
Summonings     | |  1.0
Translocations | |  0.8

Action                   |  1- 3 |  4- 6 || total
-------------------------+-------+-------++-------
Melee: Dagger            |    85 |       ||    85
       Whip              |       |    36 ||    36
       Short sword       |       |     5 ||     5
 Cast: Magic Dart        |   107 |   113 ||   220
  Use: Potion            |     4 |     2 ||     6
       Scroll            |     2 |     4 ||     6
 Stab: Sleeping          |     1 |       ||     1
  Eat: Chunk             |     7 |     8 ||    15
Armor: Robe              |    16 |    15 ||    31
Dodge: Dodged            |    53 |    31 ||    84
Block: Buckler           |    20 |    17 ||    37
       Reflection        |       |     1 ||     1
